 Dungeon Crawl Stone Soup version 0.27-a0-1312-g5cdb2b3542 (webtiles) character file.

Game seed: 15988358691169201507

149 Lanoc the Digger (level 5, -1/28 HPs)
             Began as a Deep Elf Earth Elementalist on June 20, 2021.
             Was a Believer of Jiyva.
             Slain by a gnoll (6 damage)
             ... on level 4 of the Dungeon.
             The game lasted 00:03:45 (3425 turns).

Lanoc the Digger (Deep Elf Earth Elementalist)      Turns: 3425, Time: 00:03:46

Health: -1/28      AC:  2    Str:  8    XL:     5   Next: 9%
Magic:  1/11       EV: 13    Int: 19    God:    Jiyva [**....]
Gold:   56         SH:  0    Dex: 14    Spells: 6/10 levels left

rFire    . . .     SeeInvis .   g - +0 rapier (vamp)
rCold    . . .     Faith    .   (no shield)
rNeg     . . .     Spirit   .   b - +0 robe
rPois    .         Reflect  .   (no helmet)
rElec    .         Harm     .   (no cloak)
rCorr    .         Rampage  .   (no gloves)
Will     .....                  (no boots)
Stlth    ++........             (no amulet)
HPRegen  0.09/turn              (no ring)
MPRegen  0.12/turn              (no ring)

@: no status effects
A: no striking features
a: Renounce Religion, Request Jelly


You were on level 4 of the Dungeon.
You worshipped Jiyva.
Jiyva was pleased with you.
You visited 1 branch of the dungeon, and saw 4 of its levels.

You collected 56 gold pieces.

Inventory:

Hand Weapons
 g - a +0 vampiric rapier (weapon)
Missiles
 c - 20 stones
 h - 2 throwing nets
 i - 7 datura-tipped darts
Armour
 b - a +0 robe (worn)
Scrolls
 a - 5 scrolls of identify {unknown}
 d - a scroll of blinking {unknown}
 f - 3 scrolls of teleportation {unknown}
Potions
 e - a potion of flight {unknown}
 k - a potion of might {unknown}


   Skills:
 + Level 4.1 Dodging
 - Level 2.4 Stealth
 - Level 3.0 Spellcasting
 - Level 1.1 Transmutations
 * Level 5.6 Earth Magic


You had 6 spell levels left.
You knew the following spells:

 Your Spells              Type           Power      Damage    Failure   Level
a - Sandblast             Erth           48%        2d12      1%          1
b - Stone Arrow           Conj/Erth      26%        3d8       14%         3

Your spell library contained the following spells:

 Spells                   Type           Power      Damage    Failure   Level
 Passwall                 Tmut/Erth      12%        N/A       6%          2
 Petrify                  Tmut/Erth      15%        N/A       36%         4
 Lee's Rapid Deconstruct  Erth           12%        3d9*      38%         5


Dungeon Overview and Level Annotations

Branches:
Dungeon (4/15)
 Temple: D:4-7

Altars:
Trog
Yredelemnul
Zin
Jiyva


Message History

Press: ? - help, Shift-Dir - straight line, f/p - gnoll
Aim: a gnoll, wielding a +0 club (almost dead, 83% to hit)
The blast of sand misses the gnoll.
The gnoll hits you with a +0 whip. The gnoll hits you with a +0 club.
The gnoll shaman calls upon its god to speed up the gnoll.
The gnoll seems to speed up.
Casting: Sandblast (safe; 1% risk of failure)
Confirm with . or Enter, or press ? or * to list all spells.
Aiming: Sandblast (safe; 1% risk of failure)
Press: ? - help, Shift-Dir - straight line, f/p - gnoll
Aim: a gnoll, wielding a +0 club (almost dead, fast, 83% to hit)
The blast of sand hits the gnoll!
You kill the gnoll!
The gnoll hits you but does no damage.
The gnoll shaman hits you with a +0 whip.
Casting: Sandblast (safe; 1% risk of failure)
Confirm with . or Enter, or press ? or * to list all spells.
Aiming: Sandblast (safe; 1% risk of failure)
Press: ? - help, Shift-Dir - straight line, f - gnoll shaman
Aim: a gnoll shaman, wielding a +0 whip and wearing a +0 leather armour (83% to hit)
The blast of sand hits the gnoll shaman.
The gnoll shaman is moderately wounded.
The gnoll closely misses you. The gnoll shaman closely misses you.
Casting: Sandblast (safe; 1% risk of failure)
Confirm with . or Enter, or press ? or * to list all spells.
Aiming: Sandblast (safe; 1% risk of failure)
Press: ? - help, Shift-Dir - straight line, f/p - gnoll shaman
Aim: a gnoll shaman, wielding a +0 whip and wearing a +0 leather armour (moderately wounded, 83% to hit)
The blast of sand hits the gnoll shaman.
The gnoll shaman is moderately wounded.
The gnoll barely misses you.
The gnoll shaman hits you with a +0 whip!
* * * LOW HITPOINT WARNING * * *
Jiyva says: Divide and consume!
Okay, then.
You are too injured to fight recklessly!
The gnoll shaman calls upon its god to speed up the gnoll.
The gnoll seems to speed up.
The gnoll misses you. The gnoll hits you with a +0 whip.
You die...

#......###.................
#..........................
........###.................
.....#####...................
...#..###.>..................
#..#......................
##........................
##............(............
##.........@................
.#........gg.................
.............................
.............................
.............................
.....!)...(..................
........†....................
.............................
.#...........................


You could see a gnoll shaman and a gnoll (fast).

Vanquished Creatures
  Natasha (thrice) (D:3)
  3 gnolls (D:4)
  4 ball pythons
  5 bats
  2 giant cockroaches (D:1)
  3 goblins
  8 hobgoblins
  9 jackals
  2 kobolds (D:1)
  A frilled lizard (D:1)
  5 rats
45 creatures vanquished.

Vanquished Creatures (others)
  A howler monkey zombie (D:3)
  2 adders
  An adder zombie (D:3)
  An orc (D:3)
  A goblin (D:3)
  3 jackals
  A ball python (D:3)
  A bat (D:3)
  5 kobolds
  A rat (D:3)
  14 plants (D:1)
31 creatures vanquished.

Grand Total: 76 creatures vanquished

Notes
Turn   | Place    | Note
-------+----------+-------------------------------------------
     0 | D:1      | Lanoc the Deep Elf Earth Elementalist began the quest for
                  | the Orb.
     0 | D:1      | Reached XP level 1. HP: 10/10 MP: 6/6
    94 | D:1      | Reached XP level 2. HP: 15/15 MP: 1/8
   367 | D:1      | Found a faded altar of an unknown god.
   375 | D:1      | Reached skill level 4 in Earth Magic
   425 | D:1      | Became a worshipper of Jiyva Jeobeac the Shapeless
   425 | D:1      | Reached * piety under Jiyva
   785 | D:1      | Reached XP level 3. HP: 19/19 MP: 7/9
   789 | D:1      | Learned a level 3 spell: Stone Arrow
  2456 | D:3      | Noticed Natasha
  2488 | D:3      | Killed Natasha
  2546 | D:3      | Noticed Natasha
  2548 | D:3      | Killed Natasha
  2548 | D:3      | Reached ** piety under Jiyva
  2549 | D:3      | Reached skill level 5 in Earth Magic
  2549 | D:3      | Reached XP level 4. HP: 23/24 MP: 7/10
  2663 | D:3      | Noticed Natasha
  2686 | D:3      | Killed Natasha
  2803 | D:3      | Found a glowing silver altar of Zin.
  2914 | D:3      | Found a basalt altar of Yredelemnul.
  2957 | D:3      | Found a bloodstained altar of Trog.
  3415 | D:4      | Reached XP level 5. HP: 28/28 MP: 5/11
  3425 | D:4      | Slain by a gnoll

Illustrated notes

Levels and vault maps discovered:
D:1:      saegor_arrival_simple_a, layout_loops_ring,
          chequers_ecumenical_altar_simple_redux, serial_forest,
          infiniplex_forest_clump_large, infiniplex_forest_clump_curved,
          infiniplex_forest_clump_curved, infiniplex_forest_clump_diagonal,
          infiniplex_forest_clump_large, infiniplex_forest_clump_tiny,
          infiniplex_forest_lined_corner
D:2:      layout_basic
D:3:      layout_loops_ring, old_standard_altar,
          lemuel_zombie_altar_yredelemnul, marbit_many_paths,
          kennysheep_flooded_box, chequers_serial_rivers_small_a,
          kennysheep_generic_room_4, uniq_natasha
D:4:      layout_layer_cave, grunt_decor_fettered

Skill      XL: |  1  2  3  4 |
---------------+-------------+-----
Earth Magic    | 4 5 |  5.6
Dodging        | 3 4 |  4.1
Stealth        | |  2.4
Spellcasting   | |  3.0
Transmutations | |  1.1

Action                   |  1- 3 |  4- 6 || total
-------------------------+-------+-------++-------
Melee: Rapier            |     8 |       ||     8
 Cast: Sandblast         |    56 |    17 ||    73
  Use: Potion            |     2 |       ||     2
 Stab: Sleeping          |     2 |       ||     2
Armor: Robe              |     1 |     3 ||     4
Dodge: Dodged            |    26 |     6 ||    32

Table legend: (Time is in decaauts)
 A = Elapsed time spent in this place.
 B = Non-inter-level travel time spent in this place.
 C = Inter-level travel time spent in this place.
 D = Time resting spent in this place.
 E = Time spent auto-exploring this place.
 F = Levels seen in this place.
 G = Mean time per level.
                   A        B        C        D        E       F      G
               +--------+--------+--------+--------+--------+-----+--------+
         Total |   3427 |   3308 |    119 |      0 |   3054 |   4 |  856.8 |
       Dungeon |   3427 |   3308 |    119 |      0 |   3054 |   4 |  856.8 |
               +--------+--------+--------+--------+--------+-----+--------+

Top non-repeatable levels by time:
     D:1: 1263 daAuts
     D:2: 1140 daAuts
     D:3: 880 daAuts
     D:4: 143 daAuts
